 Dungeon Crawl Stone Soup version 0.21-a0-39-g28ea6b7 (webtiles) character file.

347 tilp the Magician (level 6, -1/41 HPs)
             Began as a Merfolk Ice Elementalist on June 2, 2017.
             Slain by a centaur zombie (6 damage)
             ... on level 3 of the Dungeon.
             The game lasted 00:13:28 (3771 turns).

tilp the Magician (Merfolk Ice Elementalist)        Turns: 3771, Time: 00:13:29

Health: -1/41      AC:  2    Str:  9    XL:     6   Next: 59%
Magic:  1/13       EV: 13    Int: 16    God:
Gold:   225        SH:  0    Dex: 14    Spells: 9/15 levels left

rFire    . . .     SeeInvis .   o - +0 hunting sling (flame)
rCold    . . .     Gourm    .   (no shield)
rNeg     . . .     Faith    .   a - +0 robe
rPois    .         Spirit   .   (no helmet)
rElec    .         Reflect  .   (no cloak)
rCorr    .         Harm     .   (no gloves)
MR       .....                  (no boots)
Stlth    ++........             (no amulet)
Regen    0.2/turn               (no ring)
MPRegen  0.2/turn               (no ring)

@: no status effects
A: change form in water, swift swim, stealthy swim
a: no special abilities


You were on level 3 of the Dungeon.
You were not hungry.

You visited 1 branch of the dungeon, and saw 3 of its levels.
You also visited: Sewer.

You collected 225 gold pieces.

Inventory:

Hand Weapons
 f - a +0 dagger
 o - a +0 hunting sling of flaming (weapon)
 y - a +0 spear
Missiles
 d - 79 stones (quivered)
Armour
 a - a +0 robe (worn)
Jewellery
 e - a cursed ring of fire {unknown}
 B - an uncursed ring of protection from magic {unknown}
Scrolls
 h - 2 scrolls of magic mapping
 k - a scroll of enchant armour {unknown}
 n - 2 scrolls of remove curse {unknown}
 p - 2 scrolls of enchant weapon {unknown}
 s - 2 scrolls of blinking {unknown}
 t - a scroll of fog {unknown}
 u - 2 scrolls of teleportation {unknown}
 w - 3 scrolls of fear {unknown}
 x - a scroll of identify {unknown}
Potions
 g - 2 potions of haste {unknown}
 i - 2 potions of mutation {unknown}
 j - 2 potions of curing {unknown}
 m - a potion of brilliance {unknown}
 r - a potion of resistance {unknown}
 v - a potion of lignification {unknown}
 z - a potion of might {unknown}
 A - a potion of heal wounds {unknown}
Books
 b - a book of Frost

   Spells                             Type                      Level
   a - Freeze                         Ice                          1
   b - Throw Frost                    Conjuration/Ice              2
   c - Ozocubu's Armour               Charms/Ice                   3
   d - Throw Icicle                   Conjuration/Ice              4
   e - Summon Ice Beast               Ice/Summoning                4
Comestibles
 c - 4 bread rations
 l - 3 fruits


   Skills:
 * Level 2.4 Polearms
 + Level 3.1 Dodging
 - Level 2.1 Stealth
 * Level 5.1 Spellcasting
 + Level 0.7 Conjurations
 + Level 4.7 Ice Magic


You had 9 spell levels left.
You knew the following spells:

 Your Spells              Type           Power        Failure   Level  Hunger
a - Freeze                Ice            ###.         2%          1    None
b - Throw Frost           Conj/Ice       ##....       8%          2    #......
c - Ozocubu's Armour      Chrm/Ice       ##......     17%         3    ###....


Dungeon Overview and Level Annotations

Branches:
Dungeon (3/15)

Altars:

Annotations:
D:1 glass walled treasure


Message History

The centaur zombie completely misses you.
Casting: Freeze
Confirm with . or Enter, or press ? or * to list all spells.
Aiming: Freeze
Press: ? - help, Shift-Dir - straight line, f/p - centaur zombie
Aim: a centaur zombie (severely damaged)
You freeze the centaur zombie.
The centaur zombie completely resists.
The centaur zombie is severely damaged.
The centaur zombie hits you.
* * * LOW HITPOINT WARNING * * *
Sorry, you're not good enough to have a special ability.
Casting: Freeze
Confirm with . or Enter, or press ? or * to list all spells.
Aiming: Freeze
Press: ? - help, Shift-Dir - straight line, f/p - centaur zombie
Aim: a centaur zombie (severely damaged)
You freeze the centaur zombie.
The centaur zombie resists.
The centaur zombie is severely damaged.
The centaur zombie hits you.
You die...

###****,,,,,,**,,,,,********* *
....,**,,,,,,,,,,,,...$.....* *
.....#****,,,,,,,,,.........* *
.....# *,,,,,,,,,..%......* *
.....# *,,,,,****#........* *
.....# *,,,,,* #........* *
.....# *,,,,,* #.......(* *
.....# ***########.....(..* *
.....########...@Z..(.(.(...*****
.................##.(.......,,,,,
.....######....#.##.#####.##*****
..รท#.........#.#.##.# *,*
...#.#######.#.#.##.# *,*
...#.#,,,,,#.#.#(##.# *,*
.<.#.#,,,,,..#.#.##.# *,*
...#.#****,###.#.##.# *,*******
...#..,,,,,,,,,*,**,* *<,,,,,,,


You could see a centaur zombie.

Vanquished Creatures
  2 bullfrogs (Sewer)
  7 adders
  10 oozes (Sewer)
  A worm (D:2)
  2 dart slugs (D:1)
  12 leopard geckos
  15 giant cockroaches
  4 goblins
  10 hobgoblins
  3 quokkas
  10 ball pythons
  4 bats
  10 frilled lizards
  A giant cockroach zombie (D:2)
  5 kobolds
  6 rats
102 creatures vanquished.

Notes
Turn   | Place    | Note
-------+----------+-------------------------------------------
     0 | D:1      | tilp the Merfolk Ice Elementalist began the quest for the Orb.
     0 | D:1      | Reached XP level 1. HP: 13/13 MP: 3/3
    60 | D:1      | Reached XP level 2. HP: 6/19 MP: 0/5
  1061 | D:1      | Reached XP level 3. HP: 16/24 MP: 4/7
  1658 | D:2      | Reached skill level 3 in Spellcasting
  1680 | D:2      | Learned a level 2 spell: Throw Frost
  1684 | D:2      | Learned a level 3 spell: Ozocubu's Armour
  1722 | D:2      | Reached XP level 4. HP: 25/30 MP: 6/9
  2653 | D:3      | Found a glowing drain.
  2675 | Sewer    | Entered a sewer
  2718 | Sewer    | Reached skill level 1 in Polearms
  2800 | Sewer    | Reached XP level 5. HP: 35/35 MP: 10/10
  2810 | Sewer    | Reached skill level 4 in Spellcasting
  3136 | Sewer    | Reached XP level 6. HP: 10/41 MP: 1/13
  3464 | Sewer    | Reached skill level 5 in Spellcasting
  3771 | D:3      | Slain by a centaur zombie

Vault maps used:
D:1:      dpeg_arrival_castle, roderic_lattice_a, due_unseen_surprise
D:2:      first_bread
D:3:      cheibrodos_sewer_entry_drain
Sewer:    sewer_frog_island_02

Skill      XL: |  1  2  3  4  5  6 |
---------------+-------------------+-----
Spellcasting   | 3 4 5 |  5.1
Ice Magic      | 4 |  4.7
Dodging        | 3 |  3.1
Polearms       | 1 2 |  2.4
Stealth        | |  2.1
Conjurations   | |  0.7

Action                   |  1- 3 |  4- 6 || total
-------------------------+-------+-------++-------
Melee: Club              |    27 |       ||    27
       Dagger            |    31 |       ||    31
 Fire: Hunting sling     |    28 |   168 ||   196
 Cast: Freeze            |    23 |    64 ||    87
       Throw Frost       |       |     1 ||     1
  Use: Scroll            |       |     1 ||     1
 Stab: Sleeping          |     2 |       ||     2
  Eat: Royal jelly       |     1 |       ||     1
       Chunk             |     1 |     2 ||     3
       Meat ration       |       |     1 ||     1
Armor: Robe              |    14 |     8 ||    22
Dodge: Dodged            |    55 |    51 ||   106
